 Dungeon Crawl Stone Soup version 0.30-a0-618-gd6c86c23d0 (webtiles) character file.

Game seed: 16959913971376198067

3700 themarg the Martial Artist (level 10, -3/114 HPs)
             Began as a Gnoll Transmuter on Jan 9, 2023.
             Was an Initiate of Gozag.
             Slain by Grum
             ... wielding a -1 vampiric spear
              (11 damage)
             ... on level 8 of the Dungeon.
             The game lasted 00:16:55 (6909 turns).

themarg the Martial Artist (Gnoll Transmuter)       Turns: 6909, Time: 00:16:56

Health: -3/114     AC: 25    Str: 10    XL:     10   Next: 13%
Magic:  29/29      EV:  2    Int: 17    God:    Gozag
Gold:   249        SH:  0    Dex: 12    Spells: 13/23 levels left

rFire   . . .      SeeInvis .      - Unarmed
rCold   . . .      Faith    .    (no shield)
rNeg    . . .      Spirit   .    (body armour currently unavailable)
rPois   +          Reflect  .    (helmet currently unavailable)
rElec   .          Harm     .    (cloak currently unavailable)
rCorr   +          Rampage  .    (gloves currently unavailable)
Will    .....      NoTele   +    (boots currently unavailable)
Stlth   +++                      p - amulet of the acrobat
HPRegen 0.39/turn                k - ring of magical power
MPRegen 0.21/turn                w - ring of resist corrosion

@: tree-form, wereblooded, gold aura
A: stationary, stasis, torment immunity, boosted hp, (fangs 1), strong nose,
distributed training
a: Renounce Religion, Potion Petition, Call Merchant, Bribe Branch


You were on level 8 of the Dungeon.
You worshipped Gozag.
Gozag was aware of your devotion.
You were a tree.
You visited 2 branches of the dungeon, and saw 9 of its levels.

You collected 770 gold pieces.
You paid 521 gold pieces to Gozag.

Inventory:

Hand Weapons
 M - a +1 spectral quarterstaff
Missiles
 c - 58 stones
 l - 11 poisoned darts
Armour
 a - a +0 robe (melded)
 g - a +0 pair of gloves (melded)
 j - a +0 helmet (melded)
 m - the +0 leather armour of the Volcano {Harm Int-2 Dex+4}
   (You found it on level 2 of the Dungeon)

   Int:       It affects your intelligence (-2).
   Dex:       It affects your dexterity (+4).
   Harm:      It increases damage dealt and taken.
 N - a +0 cloak
Jewellery
 k - a ring of magical power (left branch)
 p - an amulet of the acrobat (around neck)
 w - a ring of resist corrosion (right branch)
 y - a ring of protection from fire
 z - a ring of positive energy
 A - a ring of fire
 B - a ring of protection from cold
 L - the ring "Effeisew" {rPois Dex+6}
   (You found it on level 7 of the Dungeon)

   [ring of dexterity]

   Dex:       It affects your dexterity (+6).
   rPois:     It protects you from poison.
Wands
 u - a wand of flame (13)
 G - a wand of charming (9)
 J - a wand of polymorph (12)
 K - a wand of quicksilver (13)
Scrolls
 b - a scroll of vulnerability
 i - 8 scrolls of teleportation
 n - 2 scrolls of enchant weapon {unknown}
 o - a scroll of magic mapping {unknown}
 q - 4 scrolls of fog
 s - 3 scrolls of poison {unknown}
 C - 2 scrolls of enchant armour {unknown}
 D - a scroll of brand weapon {unknown}
 F - a scroll of immolation {unknown}
 I - a scroll of summoning {unknown}
Potions
 d - 3 potions of heal wounds
 e - a potion of cancellation {unknown}
 f - a potion of degeneration {unknown}
 h - 2 potions of attraction
 r - 11 potions of curing
 t - a potion of flight {unknown}
 v - 2 potions of haste
 x - a potion of ambrosia {unknown}
 E - 4 potions of brilliance
 O - 2 potions of mutation {unknown}


   Skills:
 + Level 5.8 Fighting
 + Level 5.2 Short Blades
 + Level 5.2 Long Blades
 + Level 5.2 Axes
 + Level 5.2 Maces & Flails
 + Level 5.2 Polearms
 + Level 5.2 Staves
 + Level 5.2 Ranged Weapons
 + Level 5.2 Throwing
 + Level 5.2 Armour
 + Level 7.0 Dodging
 + Level 5.2 Stealth
 + Level 5.2 Shields
 + Level 8.4 Unarmed Combat
 + Level 7.3 Spellcasting
 + Level 4.2 Conjurations
 + Level 4.2 Hexes
 + Level 4.2 Summonings
 + Level 4.2 Necromancy
 + Level 4.2 Translocations
 + Level 5.8 Transmutations
 + Level 4.2 Fire Magic
 + Level 4.2 Ice Magic
 + Level 4.2 Air Magic
 + Level 4.2 Earth Magic
 + Level 4.2 Poison Magic
 + Level 5.7 Invocations
 + Level 5.2 Evocations


You had 13 spell levels left.
You knew the following spells:

 Your Spells              Type           Power      Damage    Failure   Level
a - Beastly Appendage     Tmut           52%        N/A       1%          1
b - Wereblood             Tmut           26%        N/A       1%          2
c - Spider Form           Tmut/Pois      23%        N/A       4%          3
d - Ice Form              Ice/Tmut       23%        N/A       14%         4

Your spell library contained the following spells:

 Spells                   Type           Power      Damage    Failure   Level
 Kiss of Death            Conj/Necr      80%        2d11      1%          1
 Confusing Touch          Hex            20%        N/A       6%          3
 Dazzling Flash           Conj/Hex       40%        N/A       6%          3
 Dispel Undead            Necr           20%        3d11      19%         4
 Iskenderun's Mystic Bla  Conj/Tloc      20%        2d6       19%         4
 Iskenderun's Battlesphe  Conj           20%        2d7       47%         5
 Iron Shot                Conj/Erth      10%        9d3       96%         6
 Starburst                Conj/Fire      10%        6d5       96%         6
 Spellforged Servitor     Conj/Summ      10%        N/A       100%        7


Dungeon Overview and Level Annotations

Branches:
Dungeon (8/15)             Temple (1/1) D:5
   Lair: D:8-11

Altars:
Ashenzari
Cheibriados
Dithmenos
Elyvilon
Fedhas
Gozag
Hepliaklqana
Kikubaaqudgha
Makhleb
Nemelex Xobeh
Okawaru
Qazlal
Ru
Sif Muna
Trog
Uskayaw
Vehumet
Wu Jian
Xom
Yredelemnul
Zin
The Shining One

Shops:
D:1 :   D:3 :

Annotations:
D:1 1 exclusion
D:8 Grum


Innate Abilities, Weirdness & Mutations

You are a tree.
Your roots penetrate the ground, keeping you stationary.
You cannot be teleported.
You are immune to unholy pain and torment.
Your maximum health is greatly increased.
Your equipment is partially melded.
((You have very sharp teeth.))
Your uncanny sense of smell can sniff out nearby items.
Your experience applies equally to all skills.


Message History

The wolf is almost dead.
The wolf bites you!
* * * LOW HITPOINT WARNING * * *
Grum hits you from afar with a -1 vampiric spear!
* * * LOW HITPOINT WARNING * * *
You feel much better. The wolf bites you!
* * * LOW HITPOINT WARNING * * *
The wolf bites you!
* * * LOW HITPOINT WARNING * * *
Grum barely misses you.
You closely miss the wolf.
The wolf is no longer distracted by gold.
The wolf bites you.
* * * LOW HITPOINT WARNING * * *
The wolf bites you.
* * * LOW HITPOINT WARNING * * *
Grum hits you but does no damage.
Okay, then.
Really quaff the potion of lignification?
You warm up again.
Your +0 helmet unmelds from your body.
Your +0 pair of gloves unmelds from your body.
Your +0 robe unmelds from your body.
You turn into a tree.
Your +0 helmet melds into your body.
Your +0 pair of gloves melds into your body.
Your +0 robe melds into your body.
Your roots penetrate the ground.
The wolf bites you.
* * * LOW HITPOINT WARNING * * *
The wolf bites you but does no damage.
The wolf is distracted by your dazzling golden aura.
The wolf bites you but does no damage. Grum hits you but does no damage.
You closely miss the wolf.
The wolf howls!
The wolf is no longer distracted by gold.
The wolf bites you but does no damage. x4
You hit the wolf.
The wolf is lightly wounded.
Grum hits you from afar with a -1 vampiric spear!
You die...
Your body crumbles into a pile of gold.

#§..)..#########..#
§...#.....).<..#..#
§≈≈§#........#.#..#
..≈.########## #..#
≈§≈§........ #..#
≈§≈§.####### #..#
≈.≈§## #..# ..≈.##
#..# ≈.≈..# #♣h#
..≈..# #$h# ≈≈≈..#
#g.# .....# #.$#
.....# #..# ######
#..# #..# #..# #..#


You could see Grum and 2 wolves.

Vanquished Creatures
  The ghost of sokol815 the Digger, a novice OpEE of Gozag (D:7)
  Maurice (D:8)
  Maggie (D:7)
  2 hornets (D:7)
  Grinder (D:3)
  Sigmund (D:3)
  Menkaure (D:5)
  2 ice beasts
  A black bear (D:8)
  2 orc warriors
  2 ogres
  2 wolves (D:8)
  2 centaurs
  A phantom (D:4)
  2 bullfrogs (D:7)
  3 necrophages
  Blork the orc (D:4)
  A scorpion (D:6)
  4 howler monkeys (D:7)
  2 jellies
  An orc priest (D:6)
  An iguana (D:5)
  2 orc wizards (D:6)
  4 gnolls (D:3)
  3 adders (D:2)
  A white imp (D:8)
  An ufetubus (D:4)
  7 orcs
  10 ball pythons
  7 endoplasms
  2 giant cockroaches
  4 goblins
  8 hobgoblins
  4 jackals (D:4)
  5 quokkas
  8 bats
  2 frilled lizards
  6 kobolds
  4 rats
113 creatures vanquished.

Notes
Turn   | Place    | Note
-------+----------+-------------------------------------------
     0 | D:1      | themarg the Gnoll Transmuter began the quest for the Orb.
     0 | D:1      | Reached XP level 1. HP: 17/17 MP: 6/6
   204 | D:1      | Reached XP level 2. HP: 23/23 MP: 5/7
   254 | D:1      | Learned a level 2 spell: Wereblood
   349 | D:1      | Found Waqett's Book Shop.
   426 | D:1      | You fall into a shaft and drop 1 floor!
   598 | D:1      | Found a faded altar of an unknown god.
  1040 | D:2      | Identified the +0 leather armour of the Volcano {Harm Int-2
                  | Dex+4}
  1173 | D:2      | Reached skill level 5 in Spellcasting
  1173 | D:2      | Reached XP level 3. HP: 26/28 MP: 9/9
  1177 | D:2      | Learned a level 3 spell: Spider Form
  1438 | D:2      | Reached skill level 1 in Invocations
  1598 | D:2      | Reached skill level 1 in Short Blades
  1598 | D:2      | Reached skill level 1 in Long Blades
  1598 | D:2      | Reached skill level 1 in Axes
  1598 | D:2      | Reached skill level 1 in Maces & Flails
  1598 | D:2      | Reached skill level 1 in Polearms
  1598 | D:2      | Reached skill level 1 in Staves
  1598 | D:2      | Reached skill level 1 in Ranged Weapons
  1598 | D:2      | Reached skill level 1 in Throwing
  1598 | D:2      | Reached skill level 1 in Armour
  1598 | D:2      | Reached skill level 1 in Stealth
  1598 | D:2      | Reached skill level 1 in Shields
  1598 | D:2      | Reached skill level 1 in Evocations
  1794 | D:2      | Reached XP level 4. HP: 34/34 MP: 11/11
  2054 | D:3      | Found Fuacorug's Book Shop.
  2104 | D:3      | Noticed Sigmund
  2116 | D:3      | Killed Sigmund
  2117 | D:3      | Reached skill level 1 in Conjurations
  2117 | D:3      | Reached skill level 1 in Hexes
  2117 | D:3      | Reached skill level 1 in Summonings
  2117 | D:3      | Reached skill level 1 in Necromancy
  2117 | D:3      | Reached skill level 1 in Translocations
  2117 | D:3      | Reached skill level 1 in Fire Magic
  2117 | D:3      | Reached skill level 1 in Ice Magic
  2117 | D:3      | Reached skill level 1 in Air Magic
  2117 | D:3      | Reached skill level 1 in Earth Magic
  2117 | D:3      | Reached skill level 1 in Poison Magic
  2117 | D:3      | Reached XP level 5. HP: 29/41 MP: 12/12
  2313 | D:3      | Noticed Grinder
  2317 | D:3      | Paralysed by Grinder for 5 turns
  2336 | D:3      | Killed Grinder
  2337 | D:3      | Reached skill level 5 in Dodging
  2337 | D:3      | Reached XP level 6. HP: 44/47 MP: 14/14
  2540 | D:3      | Reached skill level 7 in Unarmed Combat
  2540 | D:3      | Reached XP level 7. HP: 37/52 MP: 15/15
  2927 | D:4      | Noticed Blork the orc
  3565 | D:4      | Killed Blork the orc
  3746 | D:5      | Entered Level 5 of the Dungeon
  3807 | D:5      | Noticed Menkaure
  3819 | D:5      | Killed Menkaure
  3945 | D:5      | Found a staircase to the Ecumenical Temple.
  3951 | Temple   | Entered the Ecumenical Temple
  4140 | Temple   | Became a worshipper of Gozag Ym Sagoz the Greedy
  4153 | D:5      | Reached XP level 8. HP: 49/60 MP: 16/16
  4419 | D:5      | Found a bloodstained altar of Trog.
  5448 | D:7      | Noticed a hornet
  5455 | D:7      | Killed a hornet
  5456 | D:7      | Reached skill level 5 in Transmutations
  5465 | D:7      | Reached XP level 9. HP: 66/66 MP: 18/18
  5470 | D:7      | Learned a level 4 spell: Ice Form
  5496 | D:7      | Noticed a hornet
  5504 | D:7      | Killed a hornet
  5573 | D:7      | Reached skill level 5 in Fighting
  5767 | D:7      | Noticed Maggie
  5778 | D:7      | Killed Maggie
  5779 | D:7      | Reached skill level 8 in Unarmed Combat
  5779 | D:7      | Reached skill level 5 in Invocations
  6171 | D:7      | Identified the ring "Effeisew" {rPois Dex+6}
  6315 | D:7      | Found a runed translucent door.
  6316 | D:7      | Noticed sokol815's ghost (novice OpEE)
  6326 | D:7      | Killed sokol815's ghost
  6419 | D:8      | Found an ornate altar of the Wu Jian Council.
  6563 | D:8      | Noticed Maurice
  6578 | D:8      | Killed Maurice
  6579 | D:8      | Reached skill level 5 in Short Blades
  6579 | D:8      | Reached skill level 5 in Long Blades
  6579 | D:8      | Reached skill level 5 in Axes
  6579 | D:8      | Reached skill level 5 in Maces & Flails
  6579 | D:8      | Reached skill level 5 in Polearms
  6579 | D:8      | Reached skill level 5 in Staves
  6579 | D:8      | Reached skill level 5 in Ranged Weapons
  6579 | D:8      | Reached skill level 5 in Throwing
  6579 | D:8      | Reached skill level 5 in Armour
  6579 | D:8      | Reached skill level 5 in Stealth
  6579 | D:8      | Reached skill level 5 in Shields
  6579 | D:8      | Reached skill level 5 in Evocations
  6579 | D:8      | Reached XP level 10. HP: 76/76 MP: 20/20
  6889 | D:8      | Noticed Grum
  6909 | D:8      | Slain by Grum

Illustrated notes

Levels and vault maps discovered:
D:1:      dpeg_arrival_lava_temple_mockup, layout_basic,
          ebering_ecumenical_altar_rust, serial_shops, nicolae_shop_crystal,
          corexii_item_surrounded_by_moat
D:2:      layout_basic
D:3:      layout_rooms, serial_shops, shop, nrook_uturn, uniq_grinder,
          uniq_sigmund
D:4:      layout_gridville, uniq_blork_the_orc
D:5:      layout_cave_pools, lemuel_doored_altar,
          minmay_temple_entry_mini_moons, uniq_menkaure
D:6:      layout_loops_ring
D:7:      layout_basic, ebering_ghost_reflecting_pool, uniq_maggie
D:8:      layout_basic, mainiacjoe_overflow_concentric_impassable, hex_large,
          eino_jars, uniq_grum, uniq_maurice
Temple:   nicolae_temple_bog_church

Skill      XL: |  1  2  3  4  5  6  7  8  9 10 |
---------------+-------------------------------+-----
Spellcasting   | 5 6 7 |  7.3
Invocations    | 1 2 3 4 5 |  5.7
Short Blades   | 1 2 3 5 |  5.2
Long Blades    | 1 2 3 5 |  5.2
Axes           | 1 2 3 5 |  5.2
Maces & Flails | 1 2 3 5 |  5.2
Polearms       | 1 2 3 5 |  5.2
Staves         | 1 2 3 5 |  5.2
Ranged Weapons | 1 2 3 5 |  5.2
Throwing       | 1 2 3 5 |  5.2
Armour         | 1 2 3 5 |  5.2
Stealth        | 1 2 3 5 |  5.2
Shields        | 1 2 3 5 |  5.2
Evocations     | 1 2 3 5 |  5.2
Fighting       | 3 4 5 |  5.8
Conjurations   | 1 2 3 4 |  4.2
Hexes          | 1 2 3 4 |  4.2
Summonings     | 1 2 3 4 |  4.2
Necromancy     | 1 2 3 4 |  4.2
Translocations | 1 2 3 4 |  4.2
Transmutations | 4 5 |  5.8
Fire Magic     | 1 2 3 4 |  4.2
Ice Magic      | 1 2 3 4 |  4.2
Air Magic      | 1 2 3 4 |  4.2
Earth Magic    | 1 2 3 4 |  4.2
Poison Magic   | 1 2 3 4 |  4.2
Dodging        | 5 6 7 |  7.0
Unarmed Combat | 7 8 |  8.4

Action                   |  1- 3 |  4- 6 |  7- 9 | 10-12 || total
-------------------------+-------+-------+-------+-------++-------
Melee: Unarmed           |    69 |    58 |   197 |    19 ||   343
       Kick              |    10 |     5 |       |       ||    15
       Headbutt          |     7 |     2 |       |       ||     9
       Punch             |     2 |     1 |       |       ||     3
       Bite              |     2 |       |     1 |       ||     3
 Cast: Beastly Appendage |    24 |     5 |       |       ||    29
       Spider Form       |     2 |     4 |    28 |       ||    34
       Wereblood         |       |     1 |     4 |     1 ||     6
       Ice Form          |       |       |     5 |     1 ||     6
Invok: Potion Petition   |       |       |       |     1 ||     1
Evoke: Wand              |       |       |     9 |       ||     9
  Use: Potion            |       |     1 |     1 |     2 ||     4
       Scroll            |       |       |     8 |       ||     8
 Stab: Sleeping          |     1 |     1 |     5 |       ||     7
Armor: Robe              |    10 |     3 |     1 |       ||    14
       Skin              |       |    12 |     7 |    15 ||    34
Dodge: Dodged            |    45 |    45 |   161 |    29 ||   280

Table legend: (Time is in decaauts)
 A = Elapsed time spent in this place.
 B = Non-inter-level travel time spent in this place.
 C = Inter-level travel time spent in this place.
 D = Time resting spent in this place.
 E = Time spent auto-exploring this place.
 F = Levels seen in this place.
 G = Mean time per level.
                   A        B        C        D        E       F      G
               +--------+--------+--------+--------+--------+-----+--------+
         Total |   6874 |   6650 |    224 |      7 |   5646 |   9 |  763.8 |
       Dungeon |   6666 |   6465 |    201 |      7 |   5483 |   8 |  833.2 |
        Temple |    208 |    185 |     23 |      0 |    163 |   1 |  208.0 |
               +--------+--------+--------+--------+--------+-----+--------+

Top non-repeatable levels by time:
     D:1: 1009 daAuts
     D:7: 981 daAuts
     D:2: 971 daAuts
     D:4: 944 daAuts
     D:6: 802 daAuts
     D:3: 795 daAuts
     D:5: 645 daAuts
     D:8: 515 daAuts
  Temple: 208 daAuts
